 Dungeon Crawl Stone Soup version 0.18-a0-1542-g9c1a92e (webtiles) character file.

182 Snupthedog the Shield-Bearer (level 5, -3/43 HPs)
             Began as a Formicid Fighter on Mar 10, 2016.
             Slain by an orc
             ... wielding a +0 trident
              (5 damage)
             ... on level 4 of the Dungeon.
             The game lasted 00:08:35 (2472 turns).

Snupthedog the Shield-Bearer (Formicid Fighter)     Turns: 2472, Time: 00:08:35

Health: -3/43      AC:  3    Str: 21    XL:     5   Next: 93%
Magic:  5/5        EV:  4    Int:  8    God:
Gold:   179        SH: 10    Dex: 10    Spells: 0 memorised, 4 levels left

rFire  . . .     SeeInvis +     a - +0 war axe
rCold  . . .     Gourm    .     l - +0 leather armour
rNeg   . . .     Faith    .     c - +0 shield
rPois  .         Spirit   .     (helmet unavailable)
rElec  .         Dismiss  .     (no cloak)
rCorr  .         Reflect  .     (no gloves)
SustAt .         Harm     .     (no boots)
MR     .....                    (no amulet)
Stlth  +.........               (no ring)
                                (no ring)

@: not resistant to hostile enchantments, very unstealthy
A: permanent stasis, dig shafts and tunnels, four strong arms, antennae 3
a: Dig, Shaft Self


You were on level 4 of the Dungeon.
You were hungry.

You visited 1 branch of the dungeon, and saw 4 of its levels.

You collected 179 gold pieces.

Inventory:

Hand Weapons
 a - a +0 war axe (weapon)
Armour
 b - a +0 scale mail
 c - a +0 shield (worn)
 l - a +0 leather armour (worn)
Scrolls
 d - 2 scrolls of identify
 i - a scroll of blinking {unknown}
 j - a scroll of remove curse {unknown}
Potions
 e - 2 potions of haste
 g - a potion of berserk rage {unknown}
 h - a potion of brilliance
Comestibles
 f - 2 bread rations


   Skills:
 + Level 4.8 Fighting
 + Level 3.1 Axes
 - Level 3.2 Armour
 + Level 5.5 Shields


You had 4 spell levels left.
You didn't know any spells.

Dungeon Overview and Level Annotations

Branches:
Dungeon (4/15)
 Temple: D:4-7

Altars:


Innate Abilities, Weirdness & Mutations

You are under a permanent stasis effect.
You can dig through walls and to a lower floor.
Your four strong arms can wield two-handed weapons with a shield.
You have a pair of large antennae on your head (SInv).


Message History

You barely miss the orc priest.
The orc priest is severely wounded.
You block the orc's attack. The orc priest hits you with a flail.
* * * LOW HITPOINT WARNING * * *
You closely miss the orc priest.
The orc priest is severely wounded.
The orc hits you from afar with a trident!
* * * LOW HITPOINT WARNING * * *
You block the orc priest's attack. The orc misses you.
Drink which item? (? for menu, Esc to quit)
Okay, then.
You barely miss the orc priest.
The orc priest is severely wounded.
You block the orc priest's attack. The orc hits you but does no damage.
You slash the orc priest!
You kill the orc priest!
You block the orc's attack.
There is a stone staircase leading up here.
The orc hits you from afar with a trident.
You die...

## .### # ...
###..####.#####.
.......@.)......
.#####.##o#####.
#. ... .. .###
.#. ## .... $#
#. ... (.


You could see an orc.

Vanquished Creatures
  An orc priest (D:4)
  Ijyb (D:2)
  Terence (D:2)
  Robin (D:2)
  4 adders
  A worm (D:2)
  3 giant geckos
  An orc (D:4)
  13 goblins
  8 hobgoblins
  A quokka (D:3)
  6 bats
  5 giant newts
  6 kobolds
  3 rats
55 creatures vanquished.

Notes
Turn   | Place    | Note
--------------------------------------------------------------
     0 | D:1      | Snupthedog the Formicid Fighter began the quest for the Orb.
     0 | D:1      | Reached XP level 1. HP: 18/18 MP: 1/1
    86 | D:1      | Reached XP level 2. HP: 18/24 MP: 2/2
   377 | D:1      | Reached XP level 3. HP: 22/30 MP: 3/3
   515 | D:2      | Reached skill level 4 in Shields
   601 | D:2      | Noticed Terence
   608 | D:2      | Killed Terence
   608 | D:2      | Reached XP level 4. HP: 19/37 MP: 4/4
   970 | D:2      | Noticed Ijyb
   992 | D:2      | Killed Ijyb
  1246 | D:2      | Reached skill level 5 in Shields
  1246 | D:2      | Reached XP level 5. HP: 43/43 MP: 5/5
  1313 | D:2      | Noticed Robin
  1321 | D:2      | Killed Robin
  2468 | D:4      | HP: 2/43 [orc/trident (7)]
  2472 | D:4      | Slain by an orc

Vault maps used:
D:1:      lightli_arrival_chessboard
D:2:      minmay_item_behind_shaft, uniq_iyjb, uniq_terence, uniq_robin
D:3:      first_bread
D:4:      minitemple, serial_glass, glass_columns_a, glass_columns_a

Skill      XL: |  1  2  3  4  5 |
---------------+----------------+-----
Fighting       | 4 |  4.8
Shields        | 4 5 |  5.5
Axes           | 3 |  3.1
Armour         | |  3.2

Action                   |  1- 3 |  4- 6 || total
-------------------------+-------+-------++-------
Melee: War axe           |    68 |   121 ||   189
  Use: Scroll            |     3 |     2 ||     5
       Potion            |     1 |       ||     1
  Eat: Beef jerky        |       |     1 ||     1
       Chunk             |       |     3 ||     3
